AoeStats
← Gim

Arena

503817495Analyzed
4v4 RM · 29d ago on Sep 2, 2026· 54m 38s· 8 players
Game mode
Random Map
Map size
Large (8 player)
Population
200
Speed
Normal
Resources
Standard
Victory
Conquest
Starting age
Dark Age
Ending age
Imperial Age
RankedLock teamsTeams togetherTeam positionsShared explorationLock speedFull tech treeHidden civsTurbo modeCheats
Victory
Defeat
🇨🇳 Chinese · China
1182
+13
🇳🇴 Cumans · Norway
1170
+13
🇫🇷 Mongols · France
1166
+13
🇫🇷 Poles · France
1085
+17
🇨🇳 Japanese · China
1117
-14
🇨🇳 Bengalis · China
1117
-14
🇹🇼 Aztecs · Taiwan
1107
-14
🇵🇪 Spanish · Peru
1104
-14
lucascroenne
10:16 Feudal Age
12:58 Horse Collar
13:15 Double-Bit Axe
15:58 Castle Age
17:02 Bow Saw
17:27 Stone Mining
18:04 Gold Mining
18:58 Loom
21:43 Fletching
31:03 Heavy Plow
31:06 Town Watch
32:50 Bodkin Arrow
33:35 Husbandry
35:36 Wheelbarrow
36:00 Ballistics
35:51 Town Patrol
36:42 Padded Archer Armor
37:54 Thumb Ring
38:45 Gold Shaft Mining
44:53 Imperial Age
44:53 Hand Cart
46:11 Bracer
47:22 Chemistry
46:21 Elite Mangudai
48:07 Elite Skirmisher
52:51 Parthian Tactics
52:45 Leather Archer Armor
52:36 Scale Barding Armor
OnlyNomad
9:18 Feudal Age
9:50 Double-Bit Axe
10:07 Horse Collar
15:48 Loom
21:17 Castle Age
22:11 Bow Saw
22:04 Heavy Plow
23:36 Wheelbarrow
24:39 Bloodlines
23:50 Light Cavalry
26:01 Forging
25:56 Scale Barding Armor
34:26 Imperial Age
32:23 Chain Barding Armor
32:38 Iron Casting
33:25 Hand Cart
32:56 Town Watch
34:36 Elite Steppe Lancer
36:21 Blast Furnace
35:56 Plate Barding Armor
35:55 Crop Rotation
36:27 Two-Man Saw
35:31 Gold Mining
35:32 Stone Mining
40:50 Steppe Husbandry
41:11 Conscription
46:24 Pikeman
47:04 Squires
47:06 Scale Mail Armor
47:46 Halberdier
50:50 Chain Mail Armor
50:26 Fletching
Gim
0:37 Loom
10:01 Feudal Age
14:37 Castle Age
12:34 Double-Bit Axe
20:38 Crossbowman
21:31 Horse Collar
25:39 Wheelbarrow
29:32 Imperial Age
27:05 Fletching
27:28 Padded Archer Armor
27:49 Ballistics
27:37 Heavy Plow
27:48 Bow Saw
28:36 Thumb Ring
28:28 Bodkin Arrow
29:36 Hand Cart
29:56 Leather Archer Armor
29:56 Fortified Wall
29:44 Arbalester
30:27 Bracer
31:30 Chemistry
31:41 Two-Man Saw
30:56 Gold Mining
30:57 Stone Mining
31:40 Ring Archer Armor
31:27 Masonry
31:42 Scale Mail Armor
32:05 Squires
32:41 Conscription
35:14 Gold Shaft Mining
35:15 Stone Shaft Mining
34:23 Heavy Scorpion
35:40 Chain Mail Armor
35:59 Architecture
37:43 Rocketry
37:35 Elite Fire Lancer
39:42 Plate Mail Armor
39:01 Arson
43:53 Forging
45:27 Iron Casting
46:33 Husbandry
46:44 Bloodlines
45:55 Light Cavalry
46:45 Scale Barding Armor
47:41 Blast Furnace
47:35 Great Wall
52:30 Chain Barding Armor
Zig
11:32 Feudal Age
17:14 Castle Age
16:01 Double-Bit Axe
15:57 Horse Collar
16:11 Stone Mining
19:27 Bow Saw
19:08 Loom
19:36 Heavy Plow
21:07 Gold Mining
21:56 Wheelbarrow
22:43 Loom
23:23 Scale Barding Armor
25:00 Hand Cart
26:15 Szlachta Privileges
32:18 Imperial Age
30:42 Husbandry
30:52 Bloodlines
32:25 Cavalier
33:28 Chain Barding Armor
33:19 Forging
34:12 Conscription
34:41 Town Watch
35:40 Crop Rotation
36:45 Iron Casting
39:32 Blast Furnace
42:03 Light Cavalry
44:39 Fletching
44:49 Padded Archer Armor
44:24 Elite Skirmisher
45:09 Thumb Ring
46:12 Chemistry
45:36 Ballistics
45:41 Town Patrol
46:09 Bodkin Arrow
46:29 Leather Archer Armor
47:46 Treadmill Crane
48:12 Siege Engineers
48:12 Bracer
49:33 Winged Hussar
Carlongas
11:08 Feudal Age
16:04 Castle Age
14:13 Double-Bit Axe
14:33 Horse Collar
15:13 Stone Mining
16:56 Bow Saw
16:47 Heavy Plow
19:41 Padded Archer Armor
20:11 Husbandry
20:42 Leather Archer Armor
28:44 Wheelbarrow
28:33 Loom
33:47 Imperial Age
31:56 Hand Cart
32:56 Scale Barding Armor
33:16 Bloodlines
34:29 Chain Barding Armor
34:20 Forging
35:27 Conscription
35:44 Ring Archer Armor
34:38 Elite Conquistador
35:34 Gold Mining
37:20 Plate Barding Armor
36:57 Forging
36:42 Light Cavalry
38:17 Hussar
39:34 Iron Casting
41:32 Blast Furnace
41:24 Cavalier
42:46 Paladin
47:36 Two-Man Saw
47:13 Stone Shaft Mining
47:14 Fletching
47:25 Scale Mail Armor
48:55 Chain Mail Armor
48:36 Bodkin Arrow
50:40 Bracer
51:10 Plate Mail Armor
50:02 Pikeman
50:43 Squires
52:59 Chemistry
52:19 Ballistics
51:50 Sappers
Durandal
11:52 Feudal Age
13:08 Double-Bit Axe
13:22 Horse Collar
16:09 Castle Age
17:19 Bow Saw
20:46 Gold Mining
20:46 Stone Mining
21:36 Heavy Plow
25:22 Wheelbarrow
25:01 Forging
24:56 Scale Barding Armor
24:47 Fletching
26:17 Padded Archer Armor
29:07 Hand Cart
32:55 Imperial Age
30:14 Treadmill Crane
30:57 Ballistics
33:04 Paiks
33:44 Masonry
33:31 Murder Holes
34:38 Chemistry
33:44 Siege Engineers
33:43 Bodkin Arrow
34:03 Leather Archer Armor
34:24 Iron Casting
34:10 Chain Barding Armor
33:14 Elite Elephant Archer
35:39 Conscription
36:49 Ring Archer Armor
37:44 Husbandry
37:54 Bloodlines
39:33 Blast Furnace
39:10 Plate Barding Armor
38:36 Bracer
40:48 Two-Man Saw
41:49 Sanctity
41:30 Devotion
43:27 Caravan
54:56 Gold Shaft Mining
Alex Auditore Mercer
10:55 Feudal Age
11:58 Double-Bit Axe
15:23 Castle Age
16:29 Bow Saw
18:03 Scale Mail Armor
19:53 Scale Mail Armor
24:34 Chain Mail Armor
25:10 Arson
25:32 Squires
27:13 Horse Collar
29:18 Wheelbarrow
34:19 Imperial Age
32:28 Heavy Plow
32:46 Forging
34:26 Elite Samurai
35:39 Plate Mail Armor
35:57 Conscription
35:13 Capped Ram
36:01 Loom
36:32 Hand Cart
37:19 Iron Casting
37:03 Pikeman
39:34 Blast Furnace
38:27 Halberdier
40:12 Two-Man Saw
41:15 Masonry
41:17 Town Watch
44:18 Fletching
47:33 Chemistry
46:26 Guard Tower
46:38 Yasama
50:39 Bodkin Arrow
50:44 Padded Archer Armor
51:50 Murder Holes
52:56 Chemistry
54:47 Keep
Garfield
10:01 Feudal Age
9:18 Loom
15:00 Castle Age
14:36 Double-Bit Axe
19:58 Horse Collar
21:43 Fervor
23:37 Sanctity
26:30 Heavy Plow
26:23 Gold Mining
26:44 Bow Saw
27:26 Redemption
28:31 Fletching
29:17 Gold Shaft Mining
29:27 Pikeman
32:59 Imperial Age
30:17 Town Watch
31:14 Squires
30:45 Elite Skirmisher
32:01 Forging
32:14 Stone Mining
32:40 Herbal Medicine
32:54 Bodkin Arrow
33:02 Padded Archer Armor
34:04 Block Printing
34:14 Illumination
35:04 Theocracy
34:37 Scale Mail Armor
36:28 Leather Archer Armor
36:16 Bracer
37:15 Atlatl
37:39 Leather Archer Armor
38:33 Capped Ram
39:32 Crossbowman
41:08 Chain Mail Armor
49:12 Wheelbarrow
Connection lost

Rejoining the realm…

Still unreachable

The connection could not be restored.

Session expired

The server has moved on; the page needs a fresh start.